AoeStats
← Fanda

Arabia

509938456Analyzed
1v1 RM · 3d ago on Sep 28, 2026· 75m 51s· 2 players
Game mode
Random Map
Map size
Tiny (2 player)
Population
200
Speed
Normal
Resources
Standard
Victory
Conquest
Starting age
Dark Age
Ending age
Imperial Age
RankedLock teamsTeams togetherTeam positionsShared explorationLock speedFull tech treeHidden civsTurbo modeCheats
Victory
Defeat
🇨🇴 Burgundians · Colombia
932
+16
🇨🇿 Mongols · Czechia
936
-16
jhgomez13
7:41 Loom
10:59 Feudal Age
17:48 Fletching
23:31 Castle Age
21:31 Double-Bit Axe
24:34 Bow Saw
25:13 Bodkin Arrow
26:34 Two-Man Saw
26:37 Husbandry
25:57 Cavalier
27:19 Scale Barding Armor
30:10 Chain Barding Armor
33:29 Town Watch
38:42 Imperial Age
37:01 Forging
37:07 Gold Mining
41:27 Iron Casting
48:59 Elite Coustillier
49:24 Paladin
52:01 Plate Barding Armor
65:25 Blast Furnace
66:18 Scale Mail Armor
72:22 Light Cavalry
75:04 Wheelbarrow
75:45 Squires
75:06 Pikeman
Fanda
9:30 Feudal Age
8:56 Loom
10:02 Double-Bit Axe
21:10 Castle Age
19:39 Gold Mining
20:55 Wheelbarrow
20:58 Fletching
21:26 Horse Collar
22:22 Bodkin Arrow
25:43 Gold Shaft Mining
25:50 Bow Saw
25:34 Stone Mining
27:25 Heavy Plow
30:40 Hand Cart
34:30 Imperial Age
32:42 Scale Barding Armor
33:43 Hand Cart
35:16 Ballistics
35:33 Bracer
37:45 Heavy Camel Rider
38:52 Chain Barding Armor
38:43 Forging
41:13 Chemistry
47:42 Parthian Tactics
48:56 Heavy Cavalry Archer
49:52 Padded Archer Armor
58:24 Town Watch
59:13 Masonry
59:09 Siege Engineers
63:01 Capped Ram
64:17 Thumb Ring
65:05 Elite Skirmisher
65:45 Pikeman
Connection lost

Rejoining the realm…

Still unreachable

The connection could not be restored.

Session expired

The server has moved on; the page needs a fresh start.